 Dungeon Crawl Stone Soup version 0.19-a0-320-gcfc3c9c (webtiles) character file.

597 Arkorax the Ducker (level 7, -13/55 HPs)
             Began as a Merfolk Monk on May 28, 2016.
             Mangled by an ogre
             ... wielding a +0 giant club
              (24 damage)
             ... on level 4 of the Dungeon.
             The game lasted 00:05:55 (4092 turns).

Arkorax the Ducker (Merfolk Monk)                   Turns: 4092, Time: 00:05:55

Health: -13/55     AC:  6    Str: 12    XL:     7   Next: 40%
Magic:  7/7        EV: 18    Int:  9    God:
Gold:   149        SH:  0    Dex: 21    Spells: 0 memorised, 6 levels left

rFire  . . .     SeeInvis .       - Unarmed
rCold  + . .     Gourm    .     d - +3 leather armour {rC+}
rNeg   . . .     Faith    .     (no shield)
rPois  .         Spirit   .     (no helmet)
rElec  .         Dismiss  .     (no cloak)
rCorr  +         Reflect  .     (no gloves)
SustAt .         Harm     .     (no boots)
MR     .....                    (no amulet)
Stlth  ++........               k - +3 ring of dexterity
                                l - ring of resist corrosion

@: not resistant to hostile enchantments, unstealthy
A: change form in water, swift swim
a: no special abilities


You were on level 4 of the Dungeon.
You were not hungry.

You visited 1 branch of the dungeon, and saw 4 of its levels.

You collected 149 gold pieces.

Inventory:

Armour
 a - a +0 robe
 d - a +3 leather armour of cold resistance (worn)
Jewellery
 k - a +3 ring of dexterity (right hand)
 l - a ring of resist corrosion (left hand)
 s - an uncursed ring of flight
Wands
 g - a wand of disintegration (3/24)
 n - a wand of polymorph (7/24)
 r - a wand of paralysis (11/24)
Scrolls
 c - 2 scrolls of fog {unknown}
 e - 3 scrolls of remove curse {unknown}
 h - 2 scrolls of random uselessness {unknown}
 i - 2 scrolls of enchant armour {unknown}
 j - 3 scrolls of teleportation {unknown}
 o - a scroll of amnesia {unknown}
 q - a scroll of identify {unknown}
 t - a scroll of enchant weapon {unknown}
Potions
 p - a potion of agility
 v - a potion of cancellation {unknown}
Comestibles
 b - a bread ration
 f - 6 fruits
 m - a beef jerky


   Skills:
 + Level 4.7 Fighting
 * Level 7.5 Dodging
 - Level 2.1 Stealth
 * Level 7.1 Unarmed Combat


You had 6 spell levels left.
You didn't know any spells.

Dungeon Overview and Level Annotations

Branches:
Dungeon (4/15)
 Temple: D:4-7

Altars:
Elyvilon


Message History

Zapping:
g - a wand of disintegration (will waste charges)
Press: ? - help, Shift-Dir - straight line, f - ogre
Aim: an ogre, wielding a giant club (heavily wounded, chance to defeat MR: 65%)
The ogre struggles to resist.
Evoking this partially-identified wand wasted a few charges.
The ogre misses you.
Evoke which item? (* to show all) (? for menu, Esc to quit)
Zapping:
g - a wand of disintegration {zapped: 3} (will waste charges)
Press: ? - help, Shift-Dir - straight line, f/p - ogre
Aim: an ogre, wielding a giant club (heavily wounded, chance to defeat MR: 65%)
The ogre struggles to resist.
Evoking this partially-identified wand wasted a few charges.
Evoke which item? (* to show all) (? for menu, Esc to quit)
Zapping:
g - a wand of disintegration {zapped: 5} (will waste charges)
Press: ? - help, Shift-Dir - straight line, f/p - ogre
Aim: an ogre, wielding a giant club (heavily wounded, chance to defeat MR: 65%)
The ogre struggles to resist.
Evoking this partially-identified wand wasted a few charges.
The ogre hits you with a giant club!!
You die...

............[#####..#######
........#.#...##
##.......###
..........##†...#
#######...###
.########....##.# ###...###
.#### #.#..##.# ### ###....
....# #..#..##.###.# #####
###.## #.###.# ..##.# #
#..# #.# #.. #O##.# ##.#
#<# #..##@##.### #.# #.#
#..........#### # #.# #.#
##.###...#....# #####
#.###.# # #...####.####....
#.##..# #.<.####......###
#.##.## #.#...##......#####
#..#.# ..#..#..####......
####.#.###### #.#....##
######.
##...........###.#..### ##


You could see an ogre.

Vanquished Creatures
  2 ogres
  2 scorpions (D:4)
  A hound (D:3)
  2 worker ants (D:4)
  10 gnolls
  7 adders
  A shadow imp (D:4)
  An ooze (D:3)
  An adder skeleton (D:4)
  2 worms
  A dart slug (D:1)
  A giant gecko (D:2)
  2 orcs (D:3)
  6 bats
  2 giant cockroaches
  13 goblins
  8 hobgoblins
  2 jackals (D:3)
  2 ball pythons
  A giant gecko skeleton (D:4)
  6 giant newts
  5 kobolds
  6 rats
84 creatures vanquished.

Notes
Turn   | Place    | Note
--------------------------------------------------------------
     0 | D:1      | Arkorax the Merfolk Monk began the quest for the Orb.
     0 | D:1      | Reached XP level 1. HP: 18/18 MP: 1/1
   124 | D:1      | Reached XP level 2. HP: 21/24 MP: 2/2
   742 | D:2      | Reached XP level 3. HP: 22/29 MP: 3/3
  1019 | D:2      | Reached skill level 5 in Unarmed Combat
  1250 | D:2      | Reached skill level 5 in Dodging
  1255 | D:2      | Found a white marble altar of Elyvilon.
  1322 | D:2      | Reached XP level 4. HP: 30/35 MP: 4/4
  2172 | D:3      | Reached XP level 5. HP: 42/42 MP: 5/5
  2207 | D:3      | Found a faded altar to an unknown god.
  3042 | D:3      | Noticed an ogre
  3048 | D:3      | Killed an ogre
  3048 | D:3      | Reached XP level 6. HP: 3/48 MP: 6/6
  3635 | D:4      | Reached XP level 7. HP: 29/55 MP: 7/7
  4092 | D:4      | Mangled by an ogre

Vault maps used:
D:1:      sevenhm_arrival_forest_fort_large_4
D:2:      kennysheep_the_goblin_king, lemuel_coloured_pillars_altar,
          minmay_surrounded
D:3:      ecumenical_altar_2, minmay_misc_feat_plants

Skill      XL: |  1  2  3  4  5  6  7 |
---------------+----------------------+-----
Unarmed Combat | 5 6 7 |  7.1
Dodging        | 5 6 7 |  7.5
Fighting       | 4 |  4.7
Stealth        | |  2.1

Action                   |  1- 3 |  4- 6 |  7- 9 || total
-------------------------+-------+-------+-------++-------
Melee: Unarmed           |   136 |   213 |    47 ||   396
       Punch             |       |     9 |     1 ||    10
Evoke: Wand              |       |       |     3 ||     3
  Use: Potion            |       |     4 |       ||     4
 Stab: Sleeping          |     5 |     6 |     1 ||    12
       Distracted        |     1 |       |       ||     1
  Eat: Chunk             |     1 |     8 |     1 ||    10
       Fruit             |       |       |     1 ||     1
Armor: Robe              |    22 |       |       ||    22
       Leather armour    |       |     9 |    10 ||    19
Dodge: Dodged            |   102 |   130 |    63 ||   295
